 Dungeon Crawl Stone Soup version 0.29.1-4-g47bece8355 (webtiles) character file.

Game seed: 7755569217837527735

51477 cheesebisquit the Executioner (level 14, -12/145 (146) HPs)
             Began as a Minotaur Berserker on Dec 8, 2022.
             Was an Elder of Trog.
             Mangled by an orc warlord
             ... wielding a +2 bardiche of venom
              (36 damage)
             ... on level 2 of the Orcish Mines on Dec 9, 2022.
             The game lasted 01:30:56 (23847 turns).

cheesebisquit the Executioner (Minotaur Berserker) Turns: 23847, Time: 01:30:56

HP:   -12/145 (146) AC: 17    Str: 26    XL:     14   Next: 23%
MP:   0/22          EV: 10    Int:  4    God:    Trog [****..]
Gold: 1461          SH: 10    Dex: 15    Spells: 13/13 levels left

rFire   . . .      SeeInvis .   D - +2 war axe (venom)
rCold   + + .      Faith    .   G - +0 kite shield
rNeg    . . .      Spirit   +   S - +0 plate armour
rPois   .          Reflect  .   (helmet restricted)
rElec   .          Harm     .   f - +1 cloak
rCorr   .          Rampage  .   n - +1 pair of gloves
Will    +....                   z - +1 pair of boots
Stlth   ..........              I - amulet of guardian spirit
HPRegen 0.34/turn               a - +4 ring of evasion
MPRegen 0.18/turn               Z - ring "Iniusor" {rC++ MP+9 Dex+4}

@: on berserk cooldown, slowed, studying Armour, lightly drained, very slow
A: horns 2, retaliatory headbutt
a: Renounce Religion, Berserk, Trog's Hand, Brothers in Arms


You were on level 2 of the Orcish Mines.
You worshipped Trog.
Trog was greatly pleased with you.
You visited 3 branches of the dungeon, and saw 19 of its levels.

You collected 1519 gold pieces.
You spent 58 gold pieces at shops.

Inventory:

Hand Weapons
 D - a +2 war axe of venom (weapon)
Missiles
 b - 34 poisoned darts (quivered)
 A - 6 curare-tipped darts
 R - 3 throwing nets
Armour
 f - a +1 cloak (worn)
 n - a +1 pair of gloves (worn)
 q - a scarf of resistance
 u - a +1 chain mail of cold resistance
 z - a +1 pair of boots (worn)
 E - a +0 buckler
 G - a +0 kite shield (worn)
 S - a +0 plate armour (worn)
Jewellery
 a - a +4 ring of evasion (left hand)
 I - an amulet of guardian spirit (around neck)
 Z - the ring "Iniusor" (right hand) {rC++ MP+9 Dex+4}
   (You found it on level 11 of the Dungeon)

   [ring of magical power]

   Dex:       It affects your dexterity (+4).
   rC:        It greatly protects you from cold.
   MP:        It affects your magic capacity (+9).
Wands
 B - a wand of light (14)
 F - a wand of paralysis (24)
 N - a wand of mindburst (31)
 Q - a wand of iceblast (16)
Scrolls
 d - 2 scrolls of silence
 g - a scroll of fog
 h - 2 scrolls of poison
 o - 10 scrolls of teleportation
 r - a scroll of magic mapping
 t - 2 scrolls of summoning
 v - 3 scrolls of noise
 x - 4 scrolls of vulnerability
 y - 4 scrolls of amnesia
 C - a scroll of blinking
 K - 2 scrolls of immolation
Potions
 e - 4 potions of mutation
 i - 5 potions of curing
 j - 2 potions of cancellation
 k - a potion of invisibility
 l - 6 potions of brilliance
 m - 2 potions of might
 p - 2 potions of berserk rage
 s - 4 potions of attraction
 w - 3 potions of degeneration
 H - 2 potions of haste
 L - 5 potions of flight
 O - a potion of magic
 V - 2 potions of lignification
 W - 15 potions of ambrosia
Miscellaneous
 c - a lightning rod (4/4)


   Skills:
 + Level 19.1 Fighting
 + Level 21.4 Axes
 - Level 2.5 Armour
 - Level 2.2 Dodging
 + Level 7.1 Shields


You had 13 spell levels left.
You didn't know any spells.
Your spell library was empty.

Dungeon Overview and Level Annotations

Branches:
Dungeon (12/15)            Temple (0/1) D:4            Lair (5/5) D:8
 Shoals (0/4) Lair:3       Spider (0/4) Lair:2        Slime (0/5) Lair:4
    Orc (2/2) D:11
    Elf: Orc:2

Altars:
Kikubaaqudgha
Makhleb
Sif Muna
Xom
Jiyva

Shops:
D:2 !   D:10 !   Orc:1 [   Orc:2 =:(

Annotations:
D:9 4 transporters


Innate Abilities, Weirdness & Mutations

You have a pair of horns on your head.
You reflexively headbutt those who attack you in melee.


Message History

An orc warrior comes into view. It is wielding a +0 war axe.
You block the orc knight's attack. The orc warrior barely misses you.
You closely miss the orc knight.
The orc knight is almost dead.
You slash the orc sorcerer!
You kill the orc sorcerer!
Trog accepts your kill.
Trog appreciates your killing of a magic user.
You feel very sick.
The orc warlord roars a battlecry!
The orc warrior goes into a battle-frenzy!
The orc warrior barely misses you.
You slice the orc knight!!
You kill the orc knight!
Trog accepts your kill.
You feel very sick.
You feel very sick.
The orc warrior no longer looks unusually strong.
The orc warlord hits you from afar with a +2 bardiche of venom!!!
* * * LOW HITPOINT WARNING * * *
You are lethally poisoned!
The orc warrior closely misses you.
You hear a shout! x6
You are too berserk!
You are too berserk!
You feel a strong urge to attack something.
You are no longer berserk.
You are exhausted.
You feel yourself slow down.
* * * LOW HITPOINT WARNING * * *
You feel extremely sick.
The orc warlord hits you but does no damage.
You are more poisoned.
You block the orc warrior's attack.
Things that are here:
a +0 flail; a +0 plate armour
Okay, then.
You feel better.
The orc warlord hits you with a +2 bardiche of venom!!!
You die...

..........
8....................##.
..∩.....................
........................
........................
........#...............
...........$............
.P.....o................
#..o)@......#.........
.##..).).#....#........
#........##.........#.#
#..........##........##.
.#.oo.#..........#..###.
#.o.............#...###.
........##......##.###..
..###........#.##### ##.
P. #.#.##....## ##..


You could see an orc warlord (strong), an orc high priest and 3 orc warriors.

Vanquished Creatures
  The ghost of trench the Fighter, a journeyman DrVM of Yredelemnul (Lair:3)
  Erolcha (D:10)
  2 hydras
  Harold (Lair:1)
  A boulder beetle (Lair:4)
  A catoblepas (Lair:4)
  4 two-headed ogres
  An orc high priest (Orc:2)
  The ghost of fleeber the Fighter, a novice BaHu (D:6)
  Pikel (D:4)
  A lindwurm (Lair:2)
  An orc knight (Orc:2)
  3 orc sorcerers
  An ugly thing (D:12)
  2 manticores (D:11)
  2 cyclopes
  2 vault sentinels (D:8)
  7 elephants
  2 black mambas
  Joseph (D:9)
  A torpor snail (Lair:3)
  A gargoyle (D:10)
  Maggie (D:10)
  9 cane toads
  An efreet (D:12)
  5 komodo dragons
  5 rime drakes
  4 trolls
  A queen bee (Lair:1)
  5 hornets (Lair:5)
  7 polar bears
  Grinder (D:4)
  15 blink frogs
  5 dream sheep (Lair:2)
  A spectral black mamba (Lair:3)
  11 spriggans (Lair:5)
  A vampire (D:10)
  A wyvern (Lair:4)
  43 yaks
  A wraith (D:10)
  5 basilisks
  4 vampire mosquitoes (D:12)
  A death yak simulacrum (Lair:3)
  A spectral cane toad (Lair:3)
  6 water moccasins
  A hydra simulacrum (Lair:3)
  13 orc warriors
  3 ice beasts
  2 sky beasts
  4 black bears
  2 ogres
  5 boggarts (Lair:5)
  A black mamba simulacrum (Lair:3)
  37 wolves
  8 centaurs
  A phantom (D:4)
  A lemure (D:4)
  A kobold brigand (D:8)
  3 bullfrogs
  A cane toad simulacrum (Lair:3)
  2 scorpions
  48 killer bees
  A lindwurm simulacrum (Lair:3)
  3 howler monkeys
  17 orc priests
  3 hounds
  2 jellies
  6 iguanas
  15 orc wizards
  A river rat (D:4)
  13 adders
  A white imp (D:7)
  4 worms
  A dart slug (D:2)
  55 orcs
  12 ball pythons
  6 endoplasms
  A giant cockroach (D:4)
  11 goblins
  6 hobgoblins
  12 kobolds
  3 quokkas
  4 bats
  A frilled lizard (D:2)
  3 rats
486 creatures vanquished.

Vanquished Creatures (collateral kills)
  A hydra (Lair:5)
  A hornet (Lair:5)
  A spriggan (Lair:5)
3 creatures vanquished.

Vanquished Creatures (others)
  34 fungi
  52 plants
86 creatures vanquished.

Grand Total: 575 creatures vanquished

Notes
Turn   | Place    | Note
-------+----------+-------------------------------------------
     0 | D:1      | cheesebisquit the Minotaur Berserker began the quest for
                  | the Orb.
     0 | D:1      | Reached XP level 1. HP: 19/19 MP: 0/0
   235 | D:1      | Reached skill level 4 in Axes
   344 | D:1      | Reached XP level 2. HP: 25/27 MP: 1/1
  1010 | D:2      | Reached ** piety under Trog
  1011 | D:2      | Reached skill level 5 in Axes
  1011 | D:2      | Reached XP level 3. HP: 28/33 MP: 2/2
  1603 | D:2      | Found Leox's Distillery.
  1797 | D:2      | Reached XP level 4. HP: 38/40 MP: 3/3
  1898 | D:3      | Reached skill level 6 in Axes
  1914 | D:3      | Found a faded altar of an unknown god.
  1915 | D:3      | Noticed a golden eye
  1938 | D:3      | Noticed a golden eye
  2009 | D:3      | Noticed a golden eye
  2009 | D:3      | Noticed a great orb of eyes
  2188 | D:3      | Identified the +1 robe of Unixe Jou {+Blink rN+ Will+
                  | Stlth+}
  2697 | D:4      | Noticed a lemure
  2700 | D:4      | Noticed Pikel
  2701 | D:4      | Noticed a lemure
  2704 | D:4      | Noticed a lemure
  2705 | D:4      | Killed a lemure
  2706 | D:4      | Noticed a lemure
  2714 | D:4      | Killed Pikel
  2715 | D:4      | Reached skill level 9 in Axes
  2715 | D:4      | Reached XP level 5. HP: 30/46 MP: 4/4
  2715 | D:4      | Reached XP level 6. HP: 34/52 MP: 5/5
  2715 | D:4      | Reached XP level 7. HP: 38/58 MP: 6/6
  3000 | D:4      | Identified the +2 sling "Ultimatum" {flame, *Corrode Str+5
                  | Stlth+}
  3030 | D:4      | Reached skill level 10 in Axes
  3429 | D:4      | Reached *** piety under Trog
  3648 | D:4      | You fall into a shaft and drop 1 floor!
  3648 | D:5      | Entered Level 5 of the Dungeon
  3749 | D:5      | Reached skill level 11 in Axes
  3867 | D:5      | Reached XP level 8. HP: 45/66 MP: 7/7
  4782 | D:4      | Noticed Grinder
  4789 | D:4      | Killed Grinder
  4790 | D:4      | Reached skill level 5 in Fighting
  4790 | D:4      | Reached skill level 12 in Axes
  4797 | D:4      | Found a staircase to the Ecumenical Temple.
  5165 | D:6      | Found a shimmering altar of Xom.
  5220 | D:6      | Found a large runed translucent door.
  5220 | D:6      | Found a large runed translucent door.
  5226 | D:6      | Noticed fleeber's ghost (novice BaHu)
  5606 | D:6      | Killed fleeber's ghost
  5607 | D:6      | Reached skill level 13 in Axes
  5607 | D:6      | Reached XP level 9. HP: 61/80 MP: 8/8
  5730 | D:7      | Found a burning altar of Makhleb.
  5995 | D:7      | Reached **** piety under Trog
  7224 | D:8      | Reached skill level 14 in Axes
  7224 | D:8      | Found a staircase to the Lair.
  7326 | D:8      | Noticed a vault sentinel
  7326 | D:8      | Noticed a vault sentinel
  7344 | D:8      | Killed a vault sentinel
  7348 | D:8      | Killed a vault sentinel
  7349 | D:8      | Reached skill level 10 in Fighting
  7349 | D:8      | Reached XP level 10. HP: 93/93 MP: 9/9
  7356 | D:8      | Found the +18 shield of the Gong {rElec rN+ Will+ EV-5}
  7370 | D:8      | Noticed an elephant
  7379 | D:8      | Killed an elephant
  7607 | D:8      | Reached ***** piety under Trog
  7727 | D:8      | Reached skill level 15 in Axes
  7851 | D:8      | Found a shimmering blue altar of Sif Muna.
  7998 | D:9      | Noticed a two-headed ogre
  8006 | D:9      | Killed a two-headed ogre
  8098 | D:9      | Noticed Joseph
  8115 | D:9      | Killed Joseph
  8190 | D:9      | Noticed a two-headed ogre
  8198 | D:9      | Killed a two-headed ogre
  8456 | D:9      | Found a transporter.
  8462 | D:9      | Found a transporter.
  8526 | D:9      | Reached skill level 16 in Axes
  8772 | D:9      | Found a transporter.
  8775 | D:9      | Found a transporter.
  9025 | D:9      | Noticed a two-headed ogre
  9033 | D:9      | Killed a two-headed ogre
  9034 | D:9      | Reached XP level 11. HP: 105/105 MP: 10/10
  9083 | D:9      | Found a transporter.
  9084 | D:9      | Found a transporter.
  9670 | D:10     | Entered Level 10 of the Dungeon
  9868 | D:10     | HP: 5/106 [poisoned by a killer bee]
 10284 | D:10     | Noticed Erolcha
 10294 | D:10     | Killed Erolcha
 10295 | D:10     | Reached skill level 17 in Axes
 10445 | D:10     | Found Qupry's Distillery.
 10915 | D:10     | Noticed Maggie
 10929 | D:10     | Killed Maggie
 12122 | D:11     | Found a staircase to the Orcish Mines.
 12303 | D:11     | Noticed a two-headed ogre
 12309 | D:11     | Killed a two-headed ogre
 12326 | D:11     | Identified the ring "Iniusor" {rC++ MP+9 Dex+4}
 12524 | D:12     | Noticed a brown ugly thing
 12531 | D:12     | Killed a brown ugly thing
 12775 | D:12     | Reached skill level 18 in Axes
 13452 | D:11     | Reached XP level 12. HP: 118/118 MP: 11/11
 13536 | Lair:1   | Entered Level 1 of the Lair of Beasts
 13561 | Lair:1   | Reached skill level 15 in Fighting
 14578 | Lair:1   | Found an ancient bone altar of Kikubaaqudgha.
 14801 | Lair:1   | Noticed Harold
 14825 | Lair:1   | Killed Harold
 15221 | Lair:2   | Reached skill level 19 in Axes
 15350 | Lair:2   | Reached skill level 1 in Shields
 16003 | Lair:2   | Found a hole to the Spider Nest.
 17268 | Lair:2   | Reached skill level 5 in Shields
 17268 | Lair:2   | Reached XP level 13. HP: 123/130 MP: 12/12
 17602 | Lair:3   | Found a staircase to the Shoals.
 17674 | Lair:3   | Found a runed translucent gate.
 17674 | Lair:3   | Found a runed translucent gate.
 17674 | Lair:3   | Found a runed translucent gate.
 18190 | Lair:3   | Noticed trench's ghost (journeyman DrVM)
 18353 | Lair:3   | Killed trench's ghost
 18354 | Lair:3   | Reached skill level 20 in Axes
 18727 | Lair:4   | Identified the +0 buckler "Wuezim" {+Blink rElec rC-}
 19424 | Lair:4   | Identified a scroll of acquirement
 19621 | Lair:4   | Found a viscous altar of Jiyva.
 19621 | Lair:4   | Found a staircase to the Slime Pits.
 20367 | Lair:5   | Entered Level 5 of the Lair of Beasts
 21159 | Lair:5   | Acquired a manual of Armour
 21203 | Lair:5   | Reached skill level 21 in Axes
 21654 | Lair:5   | Reached XP level 14. HP: 97/144 MP: 13/13
 22917 | Orc:1    | Entered Level 1 of the Orcish Mines
 23093 | Orc:1    | Found Gughak's Armour Boutique.
 23187 | Orc:1    | Bought a +0 kite shield for 58 gold pieces
 23442 | Orc:2    | Entered Level 2 of the Orcish Mines
 23513 | Orc:2    | Found Ginahynaeh's Book Shoppe.
 23581 | Orc:2    | Found Watzaneb's Antique Weapon Boutique.
 23824 | Orc:2    | Found Judeg's Jewellery Shoppe.
 23824 | Orc:2    | Noticed an orc warlord
 23847 | Orc:2    | Mangled by an orc warlord

Illustrated notes

Levels and vault maps discovered:
D:1:      denvon_arrival_planthouse, layout_basic, minmay_pentomino_o2
D:2:      layout_basic, serial_shops, shop
D:3:      layout_rooms, hellmonk_ecumenical_altar_watching_god, serial_aquarium,
          aquarium_bridge_square [aquarium_subvault_wall,
          aquarium_subvault_wall, aquarium_subvault_bridge,
          aquarium_subvault_balcony], aquarium_bridge_straight
          [aquarium_subvault_bridge, aquarium_subvault_balcony,
          aquarium_subvault_bridge, aquarium_subvault_wall],
          aquarium_window_fake, aquarium_window_fake, aquarium_window_2,
          aquarium_window_corner, aquarium_view_2g, aquarium_view_2f
D:4:      layout_cave_pools, minmay_temple_entry_enclosed_plants,
          lightli_sewer_entry_pipes, hangedman_decor_growths,
          minmay_misc_feat_five, uniq_pikel, uniq_grinder
D:5:      layout_basic, hangedman_decor_diamond_cutter
D:6:      layout_cave_pools, mainiacjoe_overflow_alcove_1,
          ebering_ghost_disaster_area
D:7:      layout_basic, general_overflow_altar, serial_aquarium,
          aquarium_bridge_long_separate [aquarium_subvault_bridge,
          aquarium_subvault_window, aquarium_subvault_window,
          aquarium_subvault_window, aquarium_subvault_window,
          aquarium_subvault_bridge], aquarium_bridge_square
          [aquarium_subvault_window, aquarium_subvault_wall,
          aquarium_subvault_bridge, aquarium_subvault_window],
          aquarium_window_3, aquarium_window_fake, aquarium_window_fake,
          aquarium_window_1, aquarium_view_2e, aquarium_view_2c,
          aquarium_balcony_5b, aquarium_pool_corner, corexii_checkpoint_a
D:8:      layout_gridville, led_sif_pool, david_lair_generic, moated_statue,
          hellmonk_guarded_unrand_gong
D:9:      layout_stronghold, enter_bailey_4, dk_noncrumbling_4,
          serial_nicolae_subway, nicolae_sub_station_crystal,
          nicolae_sub_station_metal, nicolae_sub_station_stone, uniq_joseph
D:10:     layout_irregular_city, serial_shops, nicolae_lakefront_shop,
          uniq_maggie, uniq_erolcha
D:11:     layout_roguey, minmay_orc_entry_temple_small, grunt_decor_arrowhead,
          minivault_19
D:12:     layout_loops_ring
Lair:1:   layout_roguey [special_room_bee], basic_altar, uniq_harold
Lair:2:   layout_small_grid, dummy_spider_entry,
          nicolae_volcano_entry_vermiform, infiniplex_staircase_pool_2,
          serial_bayou_shore_a, lemuel_fruit_tree
Lair:3:   layout_hall_layers, minmay_shoals_entry_centaurs, serial_forest,
          infiniplex_forest_clump_tiny, infiniplex_forest_corner_1,
          infiniplex_forest_clump_diagonal, infiniplex_forest_side_room,
          infiniplex_forest_straight_4, infiniplex_forest_3_way,
          infiniplex_forest_zigzag_1, gammafunk_ghost_necromancy
Lair:4:   layout_regular_city, dpeg_slime_entry_enclosed, minmay_lair_drake_nest
Lair:5:   minmay_lair_end_enchanted_forest, layout_misc_corridors,
          grunt_megastairs_4
Orc:1:    layout_caves, basic_altar, serial_shops,
          nicolae_shop_advertising_works [nicolae_subvault_shop_adworks]
Orc:2:    grunt_orc_gardens, layout_caves, grunt_orc_garden, grunt_orc_garden,
          grunt_orc_garden, grunt_orc_garden, serial_shops, shop

Skill      XL: |  1  2  3  4  5  6  7  8  9 10 11 12 13 14 |
---------------+-------------------------------------------+-----
Axes           | 4 5 9 11 13 14 16 18 19 21 | 21.4
Fighting       | 7 10 12 14 16 18 19 | 19.1
Shields        | 5 7 |  7.1
Armour         | |  2.5
Dodging        | |  2.2

Action                   |  1- 3 |  4- 6 |  7- 9 | 10-12 | 13-15 || total
-------------------------+-------+-------+-------+-------+-------++-------
Melee: Hand axe          |    71 |    45 |   124 |       |       ||   240
       Headbutt          |     7 |     7 |    59 |   119 |   121 ||   313
       Punch             |       |       |     2 |     5 |     3 ||    10
       War axe           |       |       |   141 |   570 |   444 ||  1155
Throw: Dart              |       |       |     5 |       |       ||     5
Invok: Berserk           |       |     1 |     5 |    20 |    12 ||    38
       Trog's Hand       |       |       |       |     7 |     6 ||    13
       Brothers in Arms  |       |       |       |       |     1 ||     1
  Use: Scroll            |       |       |     9 |    16 |    14 ||    39
       Potion            |       |       |     1 |     5 |    13 ||    19
 Stab: Petrified         |       |       |       |       |     2 ||     2
Armor: Leather armour    |     4 |       |       |       |       ||     4
       Animal skin       |     1 |       |       |       |       ||     1
       Ring mail         |    15 |     2 |       |       |       ||    17
       Chain mail        |       |    16 |   111 |    21 |       ||   148
       Plate armour      |       |       |       |   259 |   189 ||   448
Dodge: Dodged            |    52 |    19 |    76 |   341 |   196 ||   684
Block: Buckler           |       |       |       |       |    38 ||    38
       Kite shield       |       |       |       |       |    19 ||    19
